Cogmind - Beta 12 @@@ ROGUE MODE // 2023.04.29 @ 07:20:44 Player: Ms Vella Result: Destroyed by L-31 Rogue with Katana Performance ------------- Evolutions (1) 500 Regions Visited (3) 600 Robots Destroyed (41) 205 Value Destroyed (1166) 1166 Prototype IDs (0) 0 Alien Tech Used (0) 0 Bonus (0) 0 TOTAL SCORE: 2471 Bonus ------- None Cogmind --------- Core Integrity 0/400 Matter 292/300 Energy 265/265 System Corruption 1% Temperature Cool (10) Movement Treading (320) Ox2 Location -9/Storage Parts ------- > --- POWER (1) -------- Reinforced Ion Engine > --- PROPULSION (3) --- Improved Treads > --- UTILITY (3) ------ High-capacity Storage Unit Seismic Detector Light Armor Plating > --- WEAPON (2) ------- Light Assault Rifle Heavy Assault Rifle > --- INVENTORY (20) --- Ion Engine Light Ion Engine Improved Ion Engine Improved Ion Engine Improved Treads Improved Treads Aluminum Leg Cooling System Cooling System Large Storage Unit Large Storage Unit High-capacity Matter Pod (200) Recalibrator Heavy Assault Rifle Hammer Peak State ------------ > --- POWER ------------ Reinforced Ion Engine > --- PROPULSION ------- Improved Treads Improved Treads Improved Treads > --- UTILITY ---------- High-capacity Storage Unit Seismic Detector Light Armor Plating > --- WEAPON ----------- Light Assault Rifle Heavy Assault Rifle > --- INVENTORY -------- Ion Engine Light Ion Engine Improved Ion Engine Improved Ion Engine Improved Treads Improved Treads Aluminum Leg Cooling System Cooling System Large Storage Unit Large Storage Unit High-capacity Matter Pod Recalibrator Hammer [Rating: 16] Favorites ----------- Power Improved Ion Engine Engine Improved Ion Engine Propulsion Aluminum Leg Treads Light Treads Leg Aluminum Leg Utility High-capacity Storage Unit Device Structural Scanner Storage High-capacity Storage Unit Protection Light Armor Plating Weapon Assault Rifle Energy Gun Particle Gun Ballistic Gun Assault Rifle Ballistic Cannon Light Cannon Build | -11 -10 -9 -9 ------- Run | Jun Mat Mat Sto Slots Evolved 2 | . . 2 . Power . | . . . . Propulsion 1 | . . 1 . Utility 1 | . . 1 . Weapon . | . . . . Parts Attached 32 | 2 8 18 4 Power 5 | . 2 3 . Engine 5 | . 2 3 . Core . | . . . . Reactor . | . . . . Propulsion 13 | 2 2 9 . Treads 9 | 2 . 7 . Leg 4 | . 2 2 . Wheel . | . . . . Hover . | . . . . Flight . | . . . . Utility 5 | . 2 1 2 Device 2 | . 1 . 1 Storage 1 | . 1 . . Processor . | . . . . Hackware . | . . . . Protection 2 | . . 1 1 Artifact . | . . . . Weapon 9 | . 2 5 2 Energy Gun 3 | . 1 2 . Energy Cannon . | . . . . Ballistic Gun 4 | . . 2 2 Ballistic Cannon 2 | . 1 1 . Launcher . | . . . . Special Weapon . | . . . . Impact Weapon . | . . . . Slashing Weapon . | . . . . Piercing Weapon . | . . . . Special Melee Weapon . | . . . . Unidentified Prototypes . | . . . . Parts Lost 17 | . 3 14 . Power 2 | . . 2 . Propulsion 7 | . 1 6 . Utility 2 | . . 2 . Weapon 6 | . 2 4 . Highest Loss Streak 9 | . 1 9 . To Critical Strikes 1 | . 1 . . Average Slot Usage (%) 87 | . 94 71 93 Engine 10 | . 14 4 11 Treads 17 | . 17 10 33 Leg 11 | . 10 18 . Device 9 | . 10 8 7 Storage 12 | . 14 11 11 Protection 1 | . . . 8 Energy Gun 6 | . 6 7 3 Ballistic Gun 11 | . 14 3 18 Ballistic Cannon 5 | . 5 8 . Naked Turns . | . . . . Heaviest Build 58 | 12 54 54 58 Greatest Support 69 | 40 40 69 69 Greatest Overweight (x) 2 | . 2 2 . Average Overweight (x) . | . 1 . . Largest Inventory Capacity 20 | 8 20 20 20 Average Capacity 18 | 8 16 20 20 Most Carried 15 | 8 13 14 15 Average Carried 10 | 6 9 10 13 Final Capacity 20 | 8 20 20 20 Final Carried 15 | 4 10 14 15 Class Distribution -------------------- 91% | Mutant 8% | Scavenger-Mutant Dominant Class ---------------- Mutant | -10/Materials Mutant | -9/Materials Scavenger-Mutant | -9/Storage Resources | -11 -10 -9 -9 ----------- Run | Jun Mat Mat Sto Matter Collected 1307 | 200 310 610 187 Remotely . | . . . . Salvage Created 1209 | . 416 548 245 Parts 78 | . 35 27 16 Haulers Intercepted . | . . . . Recyclers Shooed 1 | . . 1 . Parts Field Recycled . | . . . . Retrieved Matter . | . . . . Parts Self-Destructed . | . . . . Prevented . | . . . . Kills | -11 -10 -9 -9 ------- Run | Jun Mat Mat Sto Combat Hostiles Destroyed 35 | . 15 16 4 Guns 23 | . 12 7 4 Cannons 12 | . 3 9 . Classes Destroyed 9 | . 3 6 . Worker 1 | . . 1 . Builder 1 | . . 1 . Recycler 1 | . . 1 . Mechanic 2 | . . 1 1 Operator 1 | . 1 . . Swarmer 9 | . 6 3 . Grunt 16 | . 9 7 . Duelist 1 | . . 1 . Sentry 9 | . . 5 4 Best Kill Streak 4 | . 3 4 2 Combat Bots Only 4 | . 3 4 2 Max Kills in Single Turn 2 | . 2 2 1 Gunslinging 1 | . . 1 . Exploded . | . . . . Melee . | . . . . Uniques/NPCs Destroyed . | . . . . Combat | -11 -10 -9 -9 -------- Run | Jun Mat Mat Sto Damage Taken 2868 | . 684 1857 327 Core 512 | . 95 369 48 Absorbed by Shields . | . . . . Core Remaining (%) 81 | 100 62 . . Volleys Fired 167 | . 62 89 16 Largest 2 | . 2 2 2 Hottest 100 | . 100 100 60 Shots Fired 283 | . 114 137 32 Gun 190 | . 100 58 32 Cannon 93 | . 14 79 . Launcher . | . . . . Special . | . . . . Kinetic 223 | . 91 107 25 Thermal 60 | . 23 30 7 Explosive . | . . . . Electromagnetic . | . . . . Robot Hit Streak 9 | . 7 6 9 Robot Miss Streak 6 | . 6 4 2 Penetration Max . | . . . . Secondary Targets 3 | . 2 1 . Max Gunslinging Chain 1 | . 1 1 . Shots Hit Robots 165 | . 55 89 21 Core Hits 63 | . 23 30 10 Critical Kills . | . . . . Critical Parts Destroyed . | . . . . Critical Strikes 3 | . 1 2 . Burn 1 | . 1 . . Blast 2 | . . 2 . Melee Attacks . | . . . . Impact . | . . . . Slashing . | . . . . Piercing . | . . . . Sneak Attacks . | . . . . Combat Hostiles . | . . . . Follow-up Attacks . | . . . . Damage Inflicted 2413 | . 784 1389 240 Guns 1303 | . 655 408 240 Cannons 1071 | . 121 950 . Explosions . | . . . . Melee . | . . . . Ramming 39 | . 8 31 . Kinetic 1851 | . 574 1102 175 Thermal 523 | . 202 256 65 Explosive . | . . . . Electromagnetic . | . . . . Impact . | . . . . Slashing . | . . . . Piercing . | . . . . Highest Corruption 1 | . . 1 1 Average Corruption 1 | . . 1 1 Corruption Purged . | . . . . Corruption Blocked . | . . . . Effects 7 | . . 4 3 Message Errors 2 | . . 1 1 Matter Fused 2 | . . 1 1 Heat Flow Errors 2 | . . 1 1 Misfires 1 | . . 1 . Overload Shots . | . . . . Overflow Damage 30 | . 3 27 . Projectiles 30 | . 3 27 . Explosions . | . . . . Melee . | . . . . Knockbacks 7 | . 1 6 . Impact 1 | . . 1 . Kinetic 6 | . 1 5 . Secondary . | . . . . Self-Inflicted Damage . | . . . . Shots . | . . . . Rammed 1 | . 1 . . Targets Rammed 6 | . 3 3 . Kicked 4 | . 2 2 . Crushed 1 | . . 1 . Highest Temperature 270 | . 270 255 253 Average Temperature 63 | . 78 54 64 Received Heat Transfer 924 | . 270 609 45 Siege Activations . | . . . . Robots Corrupted . | . . . . Combat Hostiles . | . . . . Parts Fried . | . . . . Impact Corruptions . | . . . . Robots Melted . | . . . . Combat Hostiles . | . . . . Parts Melted 3 | . 2 1 . Heat Transferred 1311 | . 555 606 150 Parts Sabotaged . | . . . . Parts Stolen . | . . . . Parts Stripped . | . . . . Power Chain Reactions . | . . . . Missiles Intercepted . | . . . . Alert | -11 -10 -9 -9 ------- Run | Jun Mat Mat Sto Peak Influence 290 | . 199 290 199 Initial 63 | . . 63 44 Average 118 | . 91 165 115 Maximum Alert Level 1 | . . 1 . Low Security (%) 89 | 100 100 66 100 Level 1 10 | . . 33 . Level 2 . | . . . . Level 3 . | . . . . Level 4 . | . . . . Level 5 . | . . . . High Security . | . . . . Max Security . | . . . . Squads Dispatched 5 | . 3 1 1 Investigation 2 | . 2 . . Extermination . | . . . . Reinforcement 3 | . 1 1 1 Assault . | . . . . Garrison . | . . . . Intercept . | . . . . Searches Triggered . | . . . . Construction Impeded . | . . . . Haulers Reinforced . | . . . . Active Scanning Responses . | . . . . Cargo Convoy Interrupts . | . . . . Stealth | -11 -10 -9 -9 --------- Run | Jun Mat Mat Sto Distress Signals 4 | . . 3 1 Communications Jammed . | . . . . Distress Signals . | . . . . Times Spotted 70 | . 31 31 8 Peak Tracking Total 7 | . 5 7 6 Tactical Retreats 2 | . 1 1 . Traps | -11 -10 -9 -9 ------- Run | Jun Mat Mat Sto Traps Triggered 2 | . 1 1 . Indirectly . | . . . . Trap Hack Attempts . | . . . . Triggered . | . . . . Disarmed 1 | . 1 . . Reprogrammed . | . . . . Reused . | . . . . Traps Extracted . | . . . . Installed . | . . . . Triggered . | . . . . Machines | -11 -10 -9 -9 ---------- Run | Jun Mat Mat Sto Machines Disabled . | . . . . Max in Single Turn . | . . . . Machines Repaired . | . . . . Machines Sabotaged . | . . . . Overloaded Fab Kills . | . . . . Hacking | -11 -10 -9 -9 --------- Run | Jun Mat Mat Sto Machines Accessed 12 | . 7 4 1 Terminals 11 | . 7 3 1 Fabricators . | . . . . Repair Stations . | . . . . Recycling Units . | . . . . Scanalyzers 1 | . . 1 . Garrison Access . | . . . . Total Hacks 32 | . 20 11 1 Successful 16 | . 10 6 . Failed 16 | . 10 5 1 Catastrophic 2 | . 2 . . Database Lockouts . | . . . . Manual 18 | . 8 9 1 Terminals 30 | . 20 9 1 Fabricators . | . . . . Repair Stations . | . . . . Recycling Units . | . . . . Scanalyzers 2 | . . 2 . Garrison Access . | . . . . Terminal Hacks 8 | . 7 1 . Record 1 | . 1 . . Robot Analysis 1 | . 1 . . Branch Access Points 2 | . 1 1 . Terminal Index 1 | . 1 . . Scanalyzer Index 1 | . 1 . . Disarm Traps 1 | . 1 . . Zone Layout 1 | . 1 . . Fabricator Hacks . | . . . . Repair Station Hacks . | . . . . Recycling Unit Hacks . | . . . . Scanalyzer 2 | . . 2 . Insert Component 1 | . . 1 . Analyze 1 | . . 1 . Garrison Access Hacks . | . . . . Unauthorized Hacks 6 | . 3 3 . Terminals 6 | . 3 3 . Botnet 5 | . 2 3 . Operators 1 | . 1 . . Fabricators . | . . . . Repair Stations . | . . . . Recycling Units . | . . . . Scanalyzers . | . . . . Garrison Access . | . . . . Data Cores Recovered . | . . . . Used . | . . . . Hacking Detections 11 | . 6 4 1 Full Trace Events 1 | . 1 . . Feedback Events . | . . . . Feedback Blocked . | . . . . Robot Schematics Acquired . | . . . . Robots Built . | . . . . Authchips . | . . . . Time . | . . . . Total Robot Build Rating . | . . . . Part Schematics Acquired 1 | . . 1 . Parts Built . | . . . . Authchips . | . . . . Time . | . . . . Total Part Build Rating . | . . . . Parts Repaired . | . . . . Time . | . . . . Parts Recycled . | . . . . Recycled Matter . | . . . . Retrieved Matter . | . . . . Retrieved Components . | . . . . Parts Scanalyzed 1 | . . 1 . Part Schematics Acquired 1 | . . 1 . Parts Damaged . | . . . . Bothacking | -11 -10 -9 -9 ------------ Run | Jun Mat Mat Sto Used RIF Installer . | . . . . Robots Hacked . | . . . . Non-combat . | . . . . Combat . | . . . . Robot Hacks Applied . | . . . . Relay Couplers Released . | . . . . Fabnet Peak Effective % . | . . . . Robots Rewired . | . . . . Allies Hacked . | . . . . Hacks Repelled . | . . . . Allies | -11 -10 -9 -9 -------- Run | Jun Mat Mat Sto Total Allies . | . . . . Largest Group . | . . . . Highest-Rated Group . | . . . . Highest-Rated Ally . | . . . . Total Orders . | . . . . Ally Attacks . | . . . . Total Damage . | . . . . Kills . | . . . . Allies Corrupted . | . . . . Allies Melted . | . . . . Intel | -11 -10 -9 -9 ------- Run | Jun Mat Mat Sto Robot Analysis Total 1 | . 1 . . Derelict Logs Recovered . | . . . . Drone Launches . | . . . . Drone Recoveries . | . . . . Exploration | -11 -10 -9 -9 ------------- Run | Jun Mat Mat Sto Turns Passed 2847 | 5 1566 910 366 Spaces Moved 1018 | 1 522 333 162 Core . | . . . . Treads 611 | 1 317 131 162 Legs 407 | . 205 202 . Wheels . | . . . . Hover . | . . . . Flight . | . . . . Fastest Speed 160 | 160 160 160 160 Average Speed 207 | 160 229 195 160 Slowest Speed 260 | 160 260 260 160 Overloaded Moves . | . . . . Propulsion Burnouts . | . . . . Robots Hopped . | . . . . Cave-ins Triggered . | . . . . Exploration Rate (%) 37 | 2 88 27 31 Regions Visited 3 Branch Regions 1 Pre-discovered Areas . | . . . . Known Exits Taken 1 | . . 1 . Unknown Exits Taken 2 | 1 1 . . Scrap Searched . | . . . . Spaces Dug . | . . . . Terrain Destroyed . | . . . . Melee . | . . . . Projectile . | . . . . AOE . | . . . . Terrain Rammed . | . . . . Walls Destroyed . | . . . . Machines Disabled . | . . . . Actions | -11 -10 -9 -9 --------- Run | Jun Mat Mat Sto Total 1469 | 6 771 453 239 Wait 218 | . 162 1 55 Move 1015 | . 521 332 162 Hop . | . . . . Pick Up 21 | . 11 9 1 Fast Attach 11 | . 1 8 2 Attach 13 | 2 4 6 1 Detach 3 | 2 1 . . Swap 8 | . 3 4 1 Drop 7 | 2 3 1 1 Fire 167 | . 62 89 16 Melee . | . . . . Ram . | . . . . Kick 4 | . 2 2 . Crush 2 | . 1 1 . Escape Stasis . | . . . . Rewire . | . . . . Trap . | . . . . Miscellaneous . | . . . . Route ------- -11/Junkyard -10/Materials (discovered 4 exits: *Mat x3 / *Min) -9/Materials (discovered 3 exits: *Min x2 / *Sto) -9/Storage History --------- Turn | Location | Event 6 | -11/Junkyard | Discovered new exit (range 0) 6 | -11/Junkyard | Entered Materials 311 | -10/Materials | Build established: Mutant 569 | -10/Materials | Discovered new exit (range 11) 853 | -10/Materials | Identified exit to Mines 1394 | -10/Materials | Discovered new exit (range 19) 1394 | -10/Materials | Discovered new exit (range 17) 1572 | -10/Materials | Entered another Materials area 1572 | -9/Materials | Evolved 2 slots: Propulsion x1, Utility x1 1677 | -9/Materials | Discovered new exit (range 15) 1909 | -9/Materials | Discovered new exit (range 16) 2112 | -9/Materials | Identified exit to Mines 2112 | -9/Materials | Identified exit to Storage 2210 | -9/Materials | Core integrity fell below 50% 2260 | -9/Materials | Core integrity fell below 20% 2296 | -9/Materials | Lost 9 parts (1p4n2u2w) 2482 | -9/Materials | Entered Storage 2848 | -9/Storage | Destroyed by L-31 Rogue with Katana Last Messages --------------- 02701_ Connecting with Terminal... 02735_ System corrupted: Heat flow error (+266). 02780_ W-16 Scout sends out distress signal. 02821_ Y-45 Defender destroyed. 02823_ ALERT: Hostiles spotted, dispatching reinforcements to Terminal S011. 02832_ K-01 Serf collects debris. 02832_ Y-45 Defender destroyed. 02833_ Acquired 48 matter. 02835_ K-01 Serf collects debris. 02836_ R-06 Scavenger collects Beam Rifle. 02838_ Acquired 4 matter. 02839_ R-06 Scavenger collects Heat Sink. 02840_ K-01 Serf collects debris. 02841_ Acquired 4 matter. 02841_ Imp. Treads severed. 02841_ R-06 Scavenger collects Lgt. Treads. 02843_ K-01 Serf collects debris. 02843_ Imp. Treads severed. 02843_ R-06 Scavenger collects Lgt. Treads. Map ----- +----------------------------------------------------+ | ??????# #??????????????????????????????? | | ??????# #??????????????????????????????? | | ??????# #?????? ???????????????????????? | | ??????# #?????? ???????????????????????? | | ??????+ #?????# ???????????????????????? | | ??????# ### #?????# #??????????????????????? | | ??????#+#### #?????# #??????????????????????? | | ??????# # ####### ####???????????????????? | | ??????# "" + #???????????????????? | | ??????# "T # #???????????????????? | | ??????# "" # """" #???????????????????? | | ??????# # """" +???????????????????? | | ??????# # """" #???????????????????? | | ??????# #" """" #???????????????????? | | ??????# #T """" #???????????????????? | | ??????# #" ########### #???????? | | ?????####### #???????? | | ?????# #???????? | | ?????# #####+#### #????????? | | ?????# #?# # ### #????????? | | ?????# #?# """" +^ #????????????????? | | ?????# #?# """" #####+## #????????????????? | | ?????# ### """" ## # #????????????????? | | ?????# + """" ##rr + #????????????????? | | ?????########### ##k""" #??????????????????? | | ???????????????#########@""" #??????????????????? | | ???????????????????????#l""" #??????????????????? | | ???????????????????????#g #??????????????????? | | ???????????????????????#######??????????????????? | | | | | | | | | | | | | | | | | | | | | | | | | | | | | | | | | | | | | | | | | | | +----------------------------------------------------+ Best States ------------- Heat Dissipation 28 Energy Generation 12 Energy Capacity 265 Matter Stores 300 Matter Capacity 300 Sight Range 16 Terrain Scan Density 10 Armor Coverage 150 Evasion (%) 40 Recoil Reduction 3 Item Schematics ----------------- Imp. Treads | -9/Materials | Scanalyzed Robot Schematics ------------------ None Fabricated ------------ Nothing Alien Tech Used ----------------- None Achievements -------------- None Challenges ------------ None Game ------ Seed ZioniteRelayArray Manual? 0 Play Time 00:23:40 Cumulative 62.0 hours Start 2023.04.29 @ 06:34:58 End 2023.04.29 @ 07:20:44 Sessions 6 Manual Loads 0 Difficulty Rogue Special Mode None Game No. 57 Rogue 12 Adventurer 19 Explorer 26 Win Type - Total 0 Types 0/0/0/0/0/0/0/0/0 Lore% 16 Gallery% 42 Achievement% 66 Wizard Run 0 Options --------- ASCII 0 Keyboard 0 Movement Mouse Keybinds 0 Fullscreen 0 Font 16/Smallcaps Map View 76x50 Tactical HUD 1 Map Filters NONE Filters BRIGHTNESS(125)|SATURATION(75)|LOW_CONTRAST(13,24,33)|SHIFT_HUE(130) Steam 1 RUN: d087b7bc-1762-49ff-ae58-e0456dfbd329